 Dungeon Crawl Stone Soup version 0.18.1-50-g88ac8fd (webtiles) character file.

159 Monkfish the Cutter (level 5, -1/49 HPs)
             Began as a Kobold Berserker on Oct 27, 2016.
             Was a Believer of Trog.
             Slain by a hobgoblin
             ... wielding a +0 club
             ... led by Robin
              (6 damage)
             ... on level 2 of the Dungeon.
             The game lasted 00:03:31 (1906 turns).

Monkfish the Cutter (Kobold Berserker)              Turns: 1906, Time: 00:03:32

Health: -1/49      AC:  3    Str: 20    XL:     5   Next: 68%
Magic:  5/5        EV: 16    Int:  5    God:    Trog [**....]
Gold:   140        SH:  0    Dex: 17    Spells: 0 memorised, 4 levels left

rFire  . . .     SeeInvis .     a - +0 short sword
rCold  . . .     Gourm    .     b - +1 animal skin
rNeg   . . .     Faith    .     (shield restricted)
rPois  +         Spirit   .     (no helmet)
rElec  .         Dismiss  .     (no cloak)
rCorr  .         Reflect  .     (no gloves)
SustAt .         Harm     .     (no boots)
MR     .....                    (no amulet)
Stlth  ..........               (no ring)
                                f - ring of poison resistance

@: berserking, lethally poisoned (-1 -> -19), very quick, not resistant to
hostile enchantments, extremely unstealthy
A: carnivore 3
a: Berserk, Trog's Hand, Burn Spellbooks, Renounce Religion


You were on level 2 of the Dungeon.
You worshipped Trog.
Trog was pleased with you.
You were full.

You visited 1 branch of the dungeon, and saw 2 of its levels.

You collected 140 gold pieces.

Inventory:

Hand Weapons
 a - a +0 short sword (weapon)
Armour
 b - a +1 animal skin (worn)
Jewellery
 f - a ring of poison resistance (left hand)
Scrolls
 d - a scroll of remove curse {unknown}
 h - 2 scrolls of teleportation
Potions
 e - 2 potions of curing {unknown}
 g - a potion of flight {unknown}
 i - a potion of cure mutation {unknown}
Comestibles
 c - 2 meat rations


   Skills:
 + Level 4.1 Fighting
 + Level 5.0 Short Blades
 - Level 1.5 Armour
 + Level 3.7 Dodging
 * Level 4.0 Stealth


You had 4 spell levels left.
You didn't know any spells.

Dungeon Overview and Level Annotations

Branches:
Dungeon (2/15)

Altars:


Innate Abilities, Weirdness & Mutations

You are small and have problems with some larger weapons.
You are carnivorous and can eat meat at any time.


Message History

* * * LOW HITPOINT WARNING * * *
The goblin completely misses you. The hobgoblin barely misses you.
Robin closely misses you.
You barely miss Robin.
Robin is almost dead.
* * * LOW HITPOINT WARNING * * *
You feel sick. The goblin hits you.
* * * LOW HITPOINT WARNING * * *
You puncture Robin!
You kill Robin!
Trog accepts your kill.
Your Stealth skill increases to level 4!
* * * LOW HITPOINT WARNING * * *
You feel sick.
The goblin hits you with a dagger of venom.
* * * LOW HITPOINT WARNING * * *
The goblin hits you.
* * * LOW HITPOINT WARNING * * *
The hobgoblin hits you with a club.
You die...

#......# ..... #......#
...<... #......# .......#
#......# .......#
#......### ......##
#.!....K. #.....# #...g.)#
#...... #.$.g@.# #......
####gg## #.##.....#
##.##### #........#
########..)..# ###.##.###
#.........##.# #.##....
#.........##.#####..(..##
#.........##..##.......รท.
#.....)...###.##.#...###>
#................#.### #.


You could see a hobgoblin, 3 goblins and a kobold.

Vanquished Creatures
  Jessica (D:2)
  Ijyb (D:2)
  Robin (D:2)
  3 adders (D:2)
  A worm (D:2)
  2 dart slugs
  A giant gecko (D:2)
  5 bats
  4 giant cockroaches
  12 goblins
  7 hobgoblins (D:2)
  6 jackals
  4 kobolds
  A quokka (D:1)
  A giant newt (D:1)
  5 rats
55 creatures vanquished.

Notes
Turn   | Place    | Note
--------------------------------------------------------------
     0 | D:1      | Monkfish the Kobold Berserker began the quest for the Orb.
     0 | D:1      | Reached XP level 1. HP: 14/14 MP: 1/1
    75 | D:1      | Reached skill level 1 in Stealth
    78 | D:1      | Reached XP level 2. HP: 13/19 MP: 2/2
   460 | D:1      | Reached XP level 3. HP: 23/23 MP: 3/3
   664 | D:1      | Reached ** piety under Trog
  1084 | D:2      | Noticed Jessica
  1098 | D:2      | Killed Jessica
  1098 | D:2      | Reached XP level 4. HP: 21/29 MP: 4/4
  1483 | D:2      | Found a faded altar to an unknown god.
  1617 | D:2      | Noticed Ijyb
  1628 | D:2      | Reached XP level 5. HP: 24/33 MP: 5/5
  1652 | D:2      | Killed Ijyb
  1652 | D:2      | Reached skill level 5 in Short Blades
  1859 | D:2      | Noticed Robin
  1906 | D:2      | Killed Robin
  1906 | D:2      | Slain by a hobgoblin

Skill      XL: |  1  2  3  4  5 |
---------------+----------------+-----
Stealth        | 1 2 3 4 |  4.0
Fighting       | 4 |  4.1
Dodging        | 3 |  3.7
Short Blades   | 5 |  5.0
Armour         | |  1.5

Action                   |  1- 3 |  4- 6 || total
-------------------------+-------+-------++-------
Melee: Short sword       |   105 |   139 ||   244
Invok: Berserk           |       |     4 ||     4
       Trog's Hand       |       |     2 ||     2
  Use: Scroll            |     5 |       ||     5
       Potion            |     2 |       ||     2
 Stab: Sleeping          |     3 |     3 ||     6
  Eat: Chunk             |     7 |     5 ||    12
Armor: Animal skin       |    18 |    10 ||    28
Dodge: Dodged            |    83 |    98 ||   181
